Avalanche vs Blues (R3)

Created - November 16, 2019 at 09:52

Goals
1 2 3 T
Avalanche 1 3 2 6
Blues 0 1 3 4
Shots
1 2 3 T
Avalanche 16 8 11 35
Blues 3 10 14 27

1st period

1. Avalanche , Bryan Little 7 (Erik Karlsson 6, Jack Johnson 8) at 5:18 (PP)

Penalties :
Dougie Hamilton (STL) for Hooking (Minor) at 4:54, Dmitry Kulikov (Col) for Holding (Minor) at 12:09, David Perron (STL) for Interference (Minor) at 19:14

2nd period

2. Avalanche , Andrew Ladd 3 (Charlie Coyle 2) at 4:13 (SH)
3. Avalanche , Danny Richmond 2 (Alexander Radulov 5, Paul Stastny 2) at 9:19 (PP)
4. Avalanche , Mikkel Boedker 5 (Bryan Little 10) at 15:59
5. Blues , David Perron 4 (Alex Pietrangelo 10, Jordan Eberle 7) at 16:05

Penalties :
Paul Stastny (Col) for Cross-checking (Minor) at 3:49, Drew Shore (STL) for Tripping (Minor) at 8:44, Erik Karlsson (Col) for Holding (Minor) at 13:25, Jordan Eberle (STL) for Holding (Minor) at 17:03

3rd period

6. Blues , Alex Pietrangelo 7 (Jake Gardiner 7) at 6:48 (PP)
7. Blues , David Perron 5 (Jordan Eberle 8, Nicklas Backstrom 9) at 7:42
8. Avalanche , Bryan Little 8 (Mikkel Boedker 12, Patric Hornqvist 7) at 9:36 (PP)
9. Blues , Nicklas Backstrom 6 (Alex Pietrangelo 11, Jordan Eberle 9) at 12:27 (PP)
10. Avalanche , Mikkel Boedker 6 (Bryan Little 11) at 14:44 (PP)

Penalties :
Filip Forsberg (STL) for Diving (Minor) at 0:45, Bryan Little (Col) for Hooking (Minor) at 4:10, Bryan Little (Col) for High sticking (Minor) at 6:38, David Perron (STL) for Holding (Minor) at 7:59, Alex Pietrangelo (STL) for Hooking (Minor) at 8:23, Andrei Kostitsyn (Col) for Tripping (Minor) at 12:17, Chad Larose (STL) for Hooking (Minor) at 14:31, Damien Brunner (Col) for Hooking (Minor) at 16:23

Goalie Stats

Semyon Varlamov (Col), 23 saves from 27 shots - (0.852), W, 6-3-1, 60:00 minutes
Carey Price (STL), 29 saves from 35 shots - (0.829), L, 2-6-1, 60:00 minutes

Players Stats for Avalanche

Player Name              G  A  P  +/- PIM S  H  SB GA TA FO     MP     PP MP  PK MP  
------------------------------------------------------------------------------------
Alexander Radulov        0  1  1  -2  0   4  3  0  1  0  0/4    16:23   3:43   0:00 
Andrei Kostitsyn         0  0  0  -2  2   2  4  0  4  0  0/1    17:22   3:43   1:12 
Andrew Ladd              1  0  1   1  0   1  1  0  0  0  0/0    14:52   0:07   5:38 
Bryan Little             2  2  4   1  4   7  4  0  0  0  8/23   18:25   5:42   0:00 
Charlie Coyle            0  1  1   1  0   1  0  1  0  0  9/16   14:47   0:00   5:43 
Damien Brunner           0  0  0   0  2   0  3  0  0  1  1/1    10:56   0:00   1:35 
Danny Richmond           1  0  1   0  0   1  0  2  0  0  0/0    15:21   2:29   4:22 
Darren Reid              0  0  0   0  0   1  1  0  0  0  0/0     8:53   0:00   3:11 
Dmitry Kulikov           0  0  0   0  2   0  3  1  0  1  0/0    21:13   2:29   3:28 
Erik Karlsson            0  1  1  -1  2   2  2  1  0  1  0/0    23:57   7:03   0:00 
Jack Johnson             0  1  1   0  0   5  0  1  2  1  0/0    29:22   7:03   5:13 
Kyle Turris              0  0  0   0  0   0  1  1  0  0  0/2     8:53   0:00   3:11 
Marc Staal               0  0  0   1  0   1  3  0  0  0  0/0    20:42   0:00   5:53 
Matt Moulson             0  0  0   0  0   0  0  0  0  0  0/0     6:02   0:07   0:00 
Mattias Ekholm           0  0  0   0  0   2  1  3  0  0  0/0     9:25   0:00   1:34 
Mikkel Boedker           2  1  3   1  0   5  1  0  0  0  0/0    18:36   5:49   0:00 
Patric Hornqvist         0  1  1   1  0   2  5  0  1  1  3/5    18:26   5:42   0:00 
Paul Stastny             0  1  1  -2  2   1  1  1  0  0  11/19  16:03   3:43   0:00 

Players Stats for Blues

Player Name              G  A  P  +/- PIM S  H  SB GA TA FO     MP     PP MP  PK MP  
------------------------------------------------------------------------------------
Alex Pietrangelo         1  2  3   1  2   5  1  2  0  0  0/0    29:19   6:07   4:57 
Chad Larose              0  0  0  -1  2   1  0  0  0  0  2/2     9:33   0:02   2:22 
Cody Ceci                0  0  0   1  0   0  1  2  0  2  0/0    24:03   0:00   6:24 
David Perron             2  0  2   2  4   6  3  0  0  0  1/2    18:47   4:30   0:27 
Dougie Hamilton          0  0  0   0  2   1  1  0  1  0  0/0    16:13   4:08   0:00 
Drew Shore               0  0  0  -1  2   0  0  0  1  0  1/2     7:51   0:02   1:03 
Filip Forsberg           0  0  0  -1  2   2  0  0  0  0  0/0    15:14   5:21   0:47 
Jake Gardiner            0  1  1  -1  0   0  1  1  1  1  0/0    23:04   6:07   3:08 
Jeff Skinner             0  0  0   0  0   0  2  0  0  0  0/1    11:43   0:24   1:12 
Jordan Eberle            0  3  3   1  2   3  1  0  0  3  5/6    24:37   5:43   4:42 
Linus Omark              0  0  0  -1  0   1  0  0  0  0  0/0     6:39   0:00   0:00 
Nick Leddy               0  0  0   0  0   1  1  1  0  0  0/0    14:19   4:08   1:26 
Nicklas Backstrom        1  1  2   1  0   3  2  0  0  1  14/29  19:41   5:43   0:05 
Patrick Kaleta           0  0  0   0  0   1  1  0  0  0  0/0    11:35   0:00   1:20 
Riley Sheahan            0  0  0   0  0   2  2  0  0  0  2/4    10:14   0:00   0:00 
Sergei Shirokov          0  0  0   0  0   0  0  0  0  0  0/0    13:21   4:30   0:00 
Travis Zajac             0  0  0   0  0   1  2  0  2  0  14/25  19:33   4:30   5:53 
Yann Sauvé               0  0  0  -1  0   0  1  0  0  1  0/0    13:20   0:00   3:08 

3 Stars

1 - Bryan Little (Col)
2 - Mikkel Boedker (Col)
3 - David Perron (STL)

Power Play

Avalanche - 4 on 9 Attempt(s) - 44.44%
Blues - 2 on 6 Attempt(s) - 33.33%

Penalty Kill

Avalanche - 4 on 6 Attempt(s) - 66.67% - Score 1 goal in Penalty Kill
Blues - 5 on 9 Attempt(s) - 55.56% - Score 0 goal in Penalty Kill

Team Stat

Avalanche - Hits : 33 - Faceoff Wins : 32 - Blocked Shots : 11 - Penalty Minutes : 14
Blues - Hits : 19 - Faceoff Wins : 39 - Blocked Shots : 6 - Penalty Minutes : 16

Official

Referees : Unknown
Linesman : Unknown

Game Notes

7:34 of 3rd period - Penalty Shot by Jake Gardiner for Blues - Shot Misses the Net

Finance

Level 1 -- Attendance: 5118 (85.30%) -- Ticket Income $562,980
Level 2 -- Attendance: 3846 (76.92%) -- Ticket Income $276,912
Level 3 -- Attendance: 1578 (78.90%) -- Ticket Income $71,010
Level 4 -- Attendance: 4000 (100.00%) -- Ticket Income $120,000
Luxury Box -- Attendance: 741 (74.10%) -- Ticket Income $148,200
Game was played at the Scotttrade center.
Total Attendance: 15283 (84.91%)
Total Ticket Income: $1,179,102
Other Income: $176,865
Total Income: $1,355,967

Avalanche

5 vs 5 Forward 
   Center                   Left Wing                Right Wing               Time % Phy DF OF 
 1 Bryan Little             Mikkel Boedker           Patric Hornqvist         35     1   2  2  
 2 Paul Stastny             Andrei Kostitsyn         Alexander Radulov        35     1   2  2  
 3 Charlie Coyle            Andrew Ladd              Damien Brunner           20     1   2  2  
 4 Kyle Turris              Matt Moulson             Darren Reid              10     1   2  2  

5 vs 5 Defense 
   Defense                  Defense                                           Time % Phy DF OF 
 1 Jack Johnson             Erik Karlsson                                     40     1   2  2  
 2 Marc Staal               Dmitry Kulikov                                    35     1   2  2  
 3 Mattias Ekholm           Danny Richmond                                    25     1   2  2  
 4 Jack Johnson             Marc Staal                                        0      1   2  2  

PowerPlay Forward 
   Center                   Left Wing                Right Wing               Time % Phy DF OF 
 1 Bryan Little             Mikkel Boedker           Patric Hornqvist         60     1   2  2  
 2 Paul Stastny             Andrei Kostitsyn         Alexander Radulov        40     1   2  2  

PowerPlay Defense
   Defense                  Defense                                           Time % Phy DF OF 
 1 Jack Johnson             Erik Karlsson                                     60     1   2  2  
 2 Danny Richmond           Dmitry Kulikov                                    40     1   2  2  

Penalty Kill 4 Players Forward 
   Center                   Wing                     Time % Phy DF OF 
 1 Charlie Coyle            Andrew Ladd              60     1   2  2  
 2 Kyle Turris              Darren Reid              40     1   2  2  

Penalty Kill 4 Players Defense
   Defense                  Defense                  Time % Phy DF OF 
 1 Jack Johnson             Marc Staal               60     1   2  2  
 2 Dmitry Kulikov           Danny Richmond           40     1   2  2  

Penalty Kill - 3 Players Forward 
   Forward                                           Time % Phy DF OF 
 1 Mikkel Boedker                                    60     1   2  2  
 2 Patric Hornqvist                                  40     1   2  2  

Penalty Kill - 3 Players Defense
   Defense                  Defense                  Time % Phy DF OF 
 1 Jack Johnson             Marc Staal               60     1   2  2  
 2 Erik Karlsson            Danny Richmond           40     1   2  2  

4 vs 4 Forward 
   Center                   Wing                     Time % Phy DF OF 
 1 Mikkel Boedker           Patric Hornqvist         60     1   2  2  
 2 Bryan Little             Paul Stastny             40     1   2  2  

4 vs 4 Defense
   Defense                  Defense                  Time % Phy DF OF 
 1 Jack Johnson             Marc Staal               60     1   2  2  
 2 Erik Karlsson            Danny Richmond           40     1   2  2  

Last Minutes Offensive
   Center                   Left Wing                Right Wing               Defense                  Defense                  
   Bryan Little             Mikkel Boedker           Patric Hornqvist         Jack Johnson             Erik Karlsson            

Last Minutes Defensive
   Center                   Left Wing                Right Wing               Defense                  Defense                  
   Charlie Coyle            Andrew Ladd              Patric Hornqvist         Jack Johnson             Marc Staal               

Goaltenders
Starting : Semyon Varlamov          
Backup : Mike Brodeur             

Extra Forwards
Normal : Andrew Ladd, Matt Moulson, Damien Brunner - PP : Andrew Ladd, Matt Moulson - PK : Damien Brunner
Extra Defensemen
Normal : Dmitry Kulikov, Mattias Ekholm, Erik Karlsson - PP : Dmitry Kulikov - PK : Mattias Ekholm, Erik Karlsson
Penalty Shots
Mikkel Boedker, Patric Hornqvist, Bryan Little, Paul Stastny, Andrei Kostitsyn

Scratches
None

Blues

5 vs 5 Forward 
   Center                   Left Wing                Right Wing               Time % Phy DF OF 
 1 Nicklas Backstrom        David Perron             Jordan Eberle            40     1   2  2  
 2 Travis Zajac             Filip Forsberg           Sergei Shirokov          30     1   2  2  
 3 Riley Sheahan            Jeff Skinner             Patrick Kaleta           20     1   2  2  
 4 Drew Shore               Linus Omark              Chad Larose              10     1   2  2  

5 vs 5 Defense 
   Defense                  Defense                                           Time % Phy DF OF 
 1 Alex Pietrangelo         Cody Ceci                                         40     1   2  2  
 2 Dougie Hamilton          Jake Gardiner                                     30     1   2  2  
 3 Nick Leddy               Yann Sauvé                                        20     1   2  2  
 4 Jake Gardiner            Yann Sauvé                                        10     1   2  2  

PowerPlay Forward 
   Center                   Left Wing                Right Wing               Time % Phy DF OF 
 1 Nicklas Backstrom        Filip Forsberg           Jordan Eberle            60     1   2  2  
 2 Travis Zajac             David Perron             Sergei Shirokov          40     1   2  2  

PowerPlay Defense
   Defense                  Defense                                           Time % Phy DF OF 
 1 Alex Pietrangelo         Jake Gardiner                                     60     1   2  2  
 2 Nick Leddy               Dougie Hamilton                                   40     1   2  2  

Penalty Kill 4 Players Forward 
   Center                   Wing                     Time % Phy DF OF 
 1 Travis Zajac             Jordan Eberle            60     1   2  2  
 2 Chad Larose              Patrick Kaleta           40     1   2  2  

Penalty Kill 4 Players Defense
   Defense                  Defense                  Time % Phy DF OF 
 1 Alex Pietrangelo         Cody Ceci                60     1   2  2  
 2 Jake Gardiner            Yann Sauvé               40     1   2  2  

Penalty Kill - 3 Players Forward 
   Forward                                           Time % Phy DF OF 
 1 Chad Larose                                       60     1   2  2  
 2 Travis Zajac                                      40     1   2  2  

Penalty Kill - 3 Players Defense
   Defense                  Defense                  Time % Phy DF OF 
 1 Alex Pietrangelo         Cody Ceci                60     1   2  2  
 2 Jake Gardiner            Yann Sauvé               40     1   2  2  

4 vs 4 Forward 
   Center                   Wing                     Time % Phy DF OF 
 1 Nicklas Backstrom        David Perron             60     1   2  2  
 2 Travis Zajac             Jordan Eberle            40     1   2  2  

4 vs 4 Defense
   Defense                  Defense                  Time % Phy DF OF 
 1 Alex Pietrangelo         Dougie Hamilton          60     1   2  2  
 2 Jake Gardiner            Yann Sauvé               40     1   2  2  

Last Minutes Offensive
   Center                   Left Wing                Right Wing               Defense                  Defense                  
   Nicklas Backstrom        David Perron             Jordan Eberle            Alex Pietrangelo         Jake Gardiner            

Last Minutes Defensive
   Center                   Left Wing                Right Wing               Defense                  Defense                  
   Travis Zajac             Linus Omark              Chad Larose              Yann Sauvé               Cody Ceci                

Goaltenders
Starting : Carey Price              
Backup : Pascal Leclaire          

Extra Forwards
Normal : Chad Larose, Riley Sheahan, Jordan Eberle - PP : Travis Zajac, Nicklas Backstrom - PK : Filip Forsberg
Extra Defensemen
Normal : Nick Leddy, Cody Ceci, Jake Gardiner - PP : Nick Leddy - PK : Nick Leddy, Jake Gardiner
Penalty Shots
David Perron, Jeff Skinner, Jordan Eberle, Nicklas Backstrom, Travis Zajac

Scratches
D.J King (Healthy), Tomas Plekanec (Healthy)

% Time on Ice - Avalanche

Lines # - Real PCT - Wanted PCT - Time Play
Normal Forward
1 - 33% - 35% - 13:14
2 - 31% - 35% - 12:23
3 - 22% - 20% - 8:56
4 - 14% - 10% - 5:40
Normal Defense
1 - 42% - 40% - 16:55
2 - 37% - 35% - 14:41
3 - 19% - 25% - 7:50
4 - 2% - 0% - 0:47
PP Forward
1 - 61% - 60% - 5:49
2 - 39% - 40% - 3:43
PP Defense
1 - 74% - 60% - 7:03
2 - 26% - 40% - 2:29
PK Forward
1 - 69% - 60% - 7:04
2 - 31% - 40% - 3:11
PK Defense
1 - 57% - 60% - 5:53
2 - 43% - 40% - 4:22
PK3 Forward
1 - 0% - 60%
2 - 0% - 40%
PK3 Defense
1 - 0% - 60%
2 - 0% - 40%
44 Forward
1 - 0% - 60%
2 - 0% - 40%
44 Defense
1 - 0% - 60%
2 - 0% - 40%
Last Minute Offensive  - 0:00
Last Minute Defensive  - 0:00
Total
Forward - 60:00
Defense - 60:00

% Time on Ice - Blues

Lines # - Real PCT - Wanted PCT - Time Play
Normal Forward
1 - 37% - 40% - 14:48
2 - 22% - 30% - 8:51
3 - 25% - 20% - 9:55
4 - 17% - 10% - 6:39
Normal Defense
1 - 45% - 40% - 18:12
2 - 31% - 30% - 12:25
3 - 16% - 20% - 6:21
4 - 8% - 10% - 3:15
PP Forward
1 - 56% - 60% - 5:45
2 - 44% - 40% - 4:30
PP Defense
1 - 60% - 60% - 6:07
2 - 40% - 40% - 4:08
PK Forward
1 - 84% - 60% - 6:59
2 - 16% - 40% - 1:20
PK Defense
1 - 67% - 60% - 5:32
2 - 33% - 40% - 2:47
PK3 Forward
1 - 85% - 60% - 1:02
2 - 15% - 40% - 0:11
PK3 Defense
1 - 71% - 60% - 0:52
2 - 29% - 40% - 0:21
44 Forward
1 - 0% - 60%
2 - 0% - 40%
44 Defense
1 - 0% - 60%
2 - 0% - 40%
Last Minute Offensive  - 0:00
Last Minute Defensive  - 0:00
Total
Forward - 60:00
Defense - 60:00

Play-by-Play

1st period


0:01 of 1st period - Bryan Little wins face-off versus Nicklas Backstrom in neutral zone.
0:08 of 1st period - Wrist shot by Jordan Eberle.
0:08 of 1st period - Stopped by Semyon Varlamov with a rebound.
0:51 of 1st period - Riley Sheahan is hit by Marc Staal and loses puck.
1:12 of 1st period - Dougie Hamilton is hit by Kyle Turris and loses puck.
2:59 of 1st period - Off-side.
3:00 of 1st period - Jordan Eberle wins face-off versus Bryan Little in neutral zone.
3:13 of 1st period - Slapshot by Bryan Little.
3:13 of 1st period - Deflect By David Perron.
3:13 of 1st period - Stopped by Carey Price without a rebound.
3:14 of 1st period - David Perron wins face-off versus Paul Stastny in Blues zone.
3:14 of 1st period - David Perron is hit by Andrei Kostitsyn.
3:17 of 1st period - Jordan Eberle is hit by Andrei Kostitsyn and loses puck.
3:24 of 1st period - Snap shot by Nicklas Backstrom.
3:24 of 1st period - Shot Misses the Net.
3:30 of 1st period - Wrist shot by David Perron.
3:30 of 1st period - Shot Blocked by Paul Stastny.
3:44 of 1st period - Alex Pietrangelo is hit by Erik Karlsson and loses puck.
4:52 of 1st period - Wrist shot by Alexander Radulov.
4:52 of 1st period - Shot Misses the Net.
4:54 of 1st period - Minor Penalty to Dougie Hamilton for Hooking.
4:55 of 1st period - Bryan Little wins face-off versus Travis Zajac in Blues zone.
5:02 of 1st period - Wrist shot by Bryan Little.
5:02 of 1st period - Stopped by Carey Price with a rebound.
5:04 of 1st period - Slapshot by Erik Karlsson.
5:04 of 1st period - Stopped by Carey Price with a rebound.
5:06 of 1st period - Slapshot by Jack Johnson.
5:06 of 1st period - Stopped by Carey Price without a rebound.
5:07 of 1st period - Patric Hornqvist wins face-off versus Travis Zajac in Blues zone.
5:08 of 1st period - Snap shot by Mikkel Boedker.
5:08 of 1st period - Shot Misses the Net.
5:10 of 1st period - Snap shot by Mikkel Boedker.
5:10 of 1st period - Deflect By Patric Hornqvist.
5:10 of 1st period - Stopped by Carey Price with a rebound.
5:12 of 1st period - Wrist shot by Patric Hornqvist.
5:12 of 1st period - Shot Hit the Post.
5:14 of 1st period - Wrist shot by Jack Johnson.
5:14 of 1st period - Deflect By Alex Pietrangelo.
5:14 of 1st period - Stopped by Carey Price with a rebound.
5:16 of 1st period - Snap shot by Bryan Little.
5:16 of 1st period - Shot Misses the Net.
5:18 of 1st period - Slapshot by Erik Karlsson.
5:18 of 1st period - Deflect By Bryan Little.
5:18 of 1st period - Goal by Bryan Little - Avalanche : 1 - Blues : 0.
5:19 of 1st period - Nicklas Backstrom wins face-off versus Bryan Little in neutral zone.
5:33 of 1st period - Wrist shot by Bryan Little.
5:33 of 1st period - Stopped by Carey Price with a rebound.
5:49 of 1st period - Off-side.
5:50 of 1st period - Travis Zajac wins face-off versus Paul Stastny in neutral zone.
5:59 of 1st period - Off-side.
6:00 of 1st period - Nicklas Backstrom wins face-off versus Paul Stastny in neutral zone.
6:15 of 1st period - Wrist shot by Andrei Kostitsyn.
6:15 of 1st period - Shot Blocked by Jake Gardiner.
6:17 of 1st period - Slapshot by Marc Staal.
6:17 of 1st period - Stopped by Carey Price with a rebound.
6:35 of 1st period - Slapshot by David Perron.
6:35 of 1st period - Shot Misses the Net.
7:04 of 1st period - Slapshot by Alexander Radulov.
7:04 of 1st period - Stopped by Carey Price with a rebound.
7:06 of 1st period - Slapshot by Marc Staal.
7:06 of 1st period - Shot Misses the Net.
7:32 of 1st period - Wrist shot by David Perron.
7:32 of 1st period - Shot Misses the Net.
8:05 of 1st period - Snap shot by Andrei Kostitsyn.
8:05 of 1st period - Stopped by Carey Price with a rebound.
8:15 of 1st period - Wrist shot by Alexander Radulov.
8:15 of 1st period - Stopped by Carey Price without a rebound.
8:16 of 1st period - Bryan Little wins face-off versus Travis Zajac in Blues zone.
8:21 of 1st period - Snap shot by Mikkel Boedker.
8:21 of 1st period - Shot Blocked by Cody Ceci.
8:43 of 1st period - Erik Karlsson is hit by Alex Pietrangelo and loses puck.
9:48 of 1st period - Jack Johnson is hit by Jeff Skinner and loses puck.
10:03 of 1st period - Chad Larose is hit by Darren Reid and loses puck.
10:31 of 1st period - Alex Pietrangelo is hit by Bryan Little and loses puck.
10:51 of 1st period - Travis Zajac is hit by Patric Hornqvist and loses puck.
11:34 of 1st period - Icing by Travis Zajac.
11:35 of 1st period - Travis Zajac wins face-off versus Charlie Coyle in Blues zone.
11:42 of 1st period - Wrist shot by Sergei Shirokov.
11:42 of 1st period - Deflect By Filip Forsberg.
11:42 of 1st period - Shot Misses the Net.
11:42 of 1st period - Puck is out of play.
11:43 of 1st period - Riley Sheahan wins face-off versus Charlie Coyle in Avalanche zone.
11:51 of 1st period - Dmitry Kulikov is hit by Jeff Skinner and loses puck.
12:09 of 1st period - Minor Penalty to Dmitry Kulikov for Holding.
12:10 of 1st period - Charlie Coyle wins face-off versus Nicklas Backstrom in Avalanche zone.
13:02 of 1st period - Wrist shot by Kyle Turris.
13:02 of 1st period - Shot Misses the Net.
13:26 of 1st period - Jake Gardiner is hit by Damien Brunner and loses puck.
13:55 of 1st period - Travis Zajac is hit by Mattias Ekholm and loses puck.
14:09 of 1st period - Penalty to Dmitry Kulikov is over, Dmitry Kulikov is back on ice.
14:20 of 1st period - Riley Sheahan is hit by Marc Staal and loses puck.
14:56 of 1st period - Patrick Kaleta is hit by Andrei Kostitsyn and loses puck.
15:09 of 1st period - Yann Sauvé is hit by Mikkel Boedker.
15:21 of 1st period - Yann Sauvé is hit by Andrew Ladd and loses puck.
15:40 of 1st period - Snap shot by David Perron.
15:40 of 1st period - Shot Blocked by Mattias Ekholm.
15:42 of 1st period - Snap shot by David Perron.
15:42 of 1st period - Shot Blocked by Danny Richmond.
16:26 of 1st period - Wrist shot by Patric Hornqvist.
16:26 of 1st period - Stopped by Carey Price without a rebound.
16:27 of 1st period - Bryan Little wins face-off versus Travis Zajac in Blues zone.
16:50 of 1st period - Jack Johnson is hit by Patrick Kaleta and loses puck.
17:17 of 1st period - Charlie Coyle is hit by Jordan Eberle and loses puck.
17:28 of 1st period - Snap shot by Mikkel Boedker.
17:28 of 1st period - Stopped by Carey Price without a rebound.
17:29 of 1st period - Drew Shore wins face-off versus Bryan Little in Blues zone.
17:48 of 1st period - Chad Larose is hit by Marc Staal.
17:54 of 1st period - Chad Larose is hit by Bryan Little and loses puck.
18:25 of 1st period - Wrist shot by Bryan Little.
18:25 of 1st period - Shot Misses the Net.
18:47 of 1st period - Slapshot by Alex Pietrangelo.
18:47 of 1st period - Stopped by Semyon Varlamov with a rebound.
19:10 of 1st period - Snap shot by Bryan Little.
19:10 of 1st period - Stopped by Carey Price without a rebound.
19:11 of 1st period - Paul Stastny wins face-off versus Nicklas Backstrom in Blues zone.
19:12 of 1st period - Snap shot by Alexander Radulov.
19:12 of 1st period - Stopped by Carey Price with a rebound.
19:14 of 1st period - Minor Penalty to David Perron for Interference.
19:15 of 1st period - Travis Zajac wins face-off versus Alexander Radulov in Blues zone.
19:15 of 1st period - Travis Zajac is hit by Alexander Radulov.
19:27 of 1st period - Slapshot by Jordan Eberle.
19:27 of 1st period - Stopped by Semyon Varlamov without a rebound.
19:28 of 1st period - Paul Stastny wins face-off versus Travis Zajac in Avalanche zone.
Goals for this period are 1 for Avalanche vs 0 for Blues.
Shots for this period are 16 for Avalanche vs 3 for Blues.

2nd period


0:01 of 2nd period - Travis Zajac wins face-off versus Bryan Little in neutral zone.
0:16 of 2nd period - Snap shot by Bryan Little.
0:16 of 2nd period - Shot Blocked by Alex Pietrangelo.
0:26 of 2nd period - Andrei Kostitsyn is hit by Cody Ceci and loses puck.
0:35 of 2nd period - Slapshot by Jack Johnson.
0:35 of 2nd period - Stopped by Carey Price with a rebound.
0:37 of 2nd period - Slapshot by Jack Johnson.
0:37 of 2nd period - Stopped by Carey Price with a rebound.
1:14 of 2nd period - Penalty to David Perron is over, David Perron is back on ice.
1:27 of 2nd period - Snap shot by Linus Omark.
1:27 of 2nd period - Stopped by Semyon Varlamov with a rebound.
3:29 of 2nd period - Wrist shot by Nicklas Backstrom.
3:29 of 2nd period - Stopped by Semyon Varlamov without a rebound.
3:30 of 2nd period - Nicklas Backstrom wins face-off versus Paul Stastny in Avalanche zone.
3:49 of 2nd period - Minor Penalty to Paul Stastny for Cross-checking.
3:50 of 2nd period - Nicklas Backstrom wins face-off versus Charlie Coyle in Avalanche zone.
3:55 of 2nd period - Slapshot by Alex Pietrangelo.
3:55 of 2nd period - Stopped by Semyon Varlamov without a rebound.
3:56 of 2nd period - Charlie Coyle wins face-off versus Nicklas Backstrom in Avalanche zone.
4:09 of 2nd period - Wrist shot by Charlie Coyle.
4:09 of 2nd period - Stopped by Carey Price without a rebound.
4:10 of 2nd period - Charlie Coyle wins face-off versus Nicklas Backstrom in Blues zone.
4:13 of 2nd period - Backhand shot by Andrew Ladd.
4:13 of 2nd period - Goal by Andrew Ladd - Avalanche : 2 - Blues : 0.
4:14 of 2nd period - Jordan Eberle wins face-off versus Charlie Coyle in neutral zone.
5:49 of 2nd period - Penalty to Paul Stastny is over, Paul Stastny is back on ice.
6:21 of 2nd period - Riley Sheahan is hit by Patric Hornqvist and loses puck.
6:51 of 2nd period - Icing by Yann Sauvé.
6:52 of 2nd period - Riley Sheahan wins face-off versus Paul Stastny in Blues zone.
7:05 of 2nd period - Snap shot by Patrick Kaleta.
7:05 of 2nd period - Shot Misses the Net.
7:07 of 2nd period - Snap shot by Riley Sheahan.
7:07 of 2nd period - Stopped by Semyon Varlamov without a rebound.
7:08 of 2nd period - Damien Brunner wins face-off versus Nicklas Backstrom in Avalanche zone.
7:33 of 2nd period - Icing by Jordan Eberle.
7:34 of 2nd period - Paul Stastny wins face-off versus Nicklas Backstrom in Blues zone.
7:35 of 2nd period - Wrist shot by Alexander Radulov.
7:35 of 2nd period - Shot Blocked by Alex Pietrangelo.
7:37 of 2nd period - Slapshot by Paul Stastny.
7:37 of 2nd period - Shot Misses the Net.
8:01 of 2nd period - Sergei Shirokov is hit by Erik Karlsson.
8:44 of 2nd period - Minor Penalty to Drew Shore for Tripping.
8:45 of 2nd period - Travis Zajac wins face-off versus Bryan Little in Blues zone.
8:45 of 2nd period - Travis Zajac is hit by Bryan Little.
9:19 of 2nd period - Slapshot by Danny Richmond.
9:19 of 2nd period - Goal by Danny Richmond - Avalanche : 3 - Blues : 0.
9:20 of 2nd period - Nicklas Backstrom wins face-off versus Alexander Radulov in neutral zone.
9:31 of 2nd period - Slapshot by David Perron.
9:31 of 2nd period - Stopped by Semyon Varlamov without a rebound.
9:32 of 2nd period - Nicklas Backstrom wins face-off versus Paul Stastny in Avalanche zone.
9:35 of 2nd period - Snap shot by David Perron.
9:35 of 2nd period - Stopped by Semyon Varlamov without a rebound.
9:36 of 2nd period - Paul Stastny wins face-off versus Nicklas Backstrom in Avalanche zone.
9:36 of 2nd period - Paul Stastny is hit by David Perron.
9:44 of 2nd period - Alex Pietrangelo is hit by Alexander Radulov and loses puck.
10:00 of 2nd period - Icing by Alexander Radulov.
10:01 of 2nd period - Travis Zajac wins face-off versus Bryan Little in Avalanche zone.
10:06 of 2nd period - Snap shot by Travis Zajac.
10:06 of 2nd period - Stopped by Semyon Varlamov without a rebound.
10:07 of 2nd period - Travis Zajac wins face-off versus Bryan Little in Avalanche zone.
10:08 of 2nd period - Snap shot by Filip Forsberg.
10:08 of 2nd period - Stopped by Semyon Varlamov without a rebound.
10:09 of 2nd period - Paul Stastny wins face-off versus Nicklas Backstrom in Avalanche zone.
10:44 of 2nd period - Jake Gardiner is hit by Dmitry Kulikov and loses puck.
11:13 of 2nd period - Riley Sheahan is hit by Damien Brunner and loses puck.
11:25 of 2nd period - Riley Sheahan is hit by Andrei Kostitsyn and loses puck.
11:53 of 2nd period - Snap shot by Mikkel Boedker.
11:53 of 2nd period - Shot Blocked by Nick Leddy.
12:18 of 2nd period - Wrist shot by Linus Omark.
12:18 of 2nd period - Shot Blocked by Mattias Ekholm.
12:44 of 2nd period - Wrist shot by Andrew Ladd.
12:44 of 2nd period - Shot Misses the Net.
12:46 of 2nd period - Slapshot by Mattias Ekholm.
12:46 of 2nd period - Stopped by Carey Price without a rebound.
12:47 of 2nd period - Travis Zajac wins face-off versus Charlie Coyle in Blues zone.
12:47 of 2nd period - Travis Zajac is hit by Damien Brunner.
13:25 of 2nd period - Minor Penalty to Erik Karlsson for Holding.
13:26 of 2nd period - Nicklas Backstrom wins face-off versus Charlie Coyle in Avalanche zone.
13:38 of 2nd period - Slapshot by Filip Forsberg.
13:38 of 2nd period - Shot Misses the Net.
14:36 of 2nd period - Slapshot by Jake Gardiner.
14:36 of 2nd period - Shot Misses the Net.
14:38 of 2nd period - Snap shot by Nicklas Backstrom.
14:38 of 2nd period - Shot Blocked by Jack Johnson.
15:25 of 2nd period - Penalty to Erik Karlsson is over, Erik Karlsson is back on ice.
15:41 of 2nd period - Patric Hornqvist is hit by Riley Sheahan and loses puck.
15:59 of 2nd period - Wrist shot by Mikkel Boedker.
15:59 of 2nd period - Goal by Mikkel Boedker - Avalanche : 4 - Blues : 0.
16:00 of 2nd period - Jordan Eberle wins face-off versus Paul Stastny in neutral zone.
16:03 of 2nd period - Slapshot by Alex Pietrangelo.
16:03 of 2nd period - Shot Blocked by Mattias Ekholm.
16:05 of 2nd period - Wrist shot by David Perron.
16:05 of 2nd period - Goal by David Perron - Avalanche : 4 - Blues : 1.
16:06 of 2nd period - Nicklas Backstrom wins face-off versus Andrei Kostitsyn in neutral zone.
16:09 of 2nd period - Wrist shot by Jordan Eberle.
16:09 of 2nd period - Shot Misses the Net.
16:23 of 2nd period - Dmitry Kulikov is hit by Nicklas Backstrom and loses puck.
16:48 of 2nd period - Wrist shot by Mikkel Boedker.
16:48 of 2nd period - Stopped by Carey Price without a rebound.
16:49 of 2nd period - Charlie Coyle wins face-off versus Nicklas Backstrom in Blues zone.
17:03 of 2nd period - Minor Penalty to Jordan Eberle for Holding.
17:04 of 2nd period - Travis Zajac wins face-off versus Bryan Little in Blues zone.
18:24 of 2nd period - Filip Forsberg is hit by Bryan Little and loses puck.
18:41 of 2nd period - Jake Gardiner is hit by Paul Stastny and loses puck.
19:03 of 2nd period - Penalty to Jordan Eberle is over, Jordan Eberle is back on ice.
19:12 of 2nd period - Slapshot by David Perron.
19:12 of 2nd period - Stopped by Semyon Varlamov without a rebound.
19:13 of 2nd period - Charlie Coyle wins face-off versus Nicklas Backstrom in Avalanche zone.
19:28 of 2nd period - Marc Staal is hit by David Perron and loses puck.
19:39 of 2nd period - Marc Staal is hit by Yann Sauvé and loses puck.
Goals for this period are 3 for Avalanche vs 1 for Blues.
Shots for this period are 8 for Avalanche vs 10 for Blues.

3rd period


0:01 of 3rd period - Nicklas Backstrom wins face-off versus Paul Stastny in neutral zone.
0:08 of 3rd period - Backhand shot by Jordan Eberle.
0:08 of 3rd period - Shot Misses the Net.
0:10 of 3rd period - Wrist shot by Jordan Eberle.
0:10 of 3rd period - Shot Misses the Net.
0:12 of 3rd period - Wrist shot by Dougie Hamilton.
0:12 of 3rd period - Stopped by Semyon Varlamov without a rebound.
0:13 of 3rd period - Nicklas Backstrom wins face-off versus Alexander Radulov in Avalanche zone.
0:24 of 3rd period - Snap shot by David Perron.
0:24 of 3rd period - Stopped by Semyon Varlamov without a rebound.
0:25 of 3rd period - Paul Stastny wins face-off versus Nicklas Backstrom in Avalanche zone.
0:42 of 3rd period - Snap shot by Paul Stastny.
0:42 of 3rd period - Stopped by Carey Price without a rebound.
0:43 of 3rd period - Travis Zajac wins face-off versus Bryan Little in Blues zone.
0:45 of 3rd period - Minor Penalty to Filip Forsberg for Diving.
0:46 of 3rd period - Travis Zajac wins face-off versus Bryan Little in Blues zone.
0:46 of 3rd period - Travis Zajac is hit by Patric Hornqvist.
2:45 of 3rd period - Penalty to Filip Forsberg is over, Filip Forsberg is back on ice.
2:54 of 3rd period - Jack Johnson is hit by David Perron and loses puck.
3:21 of 3rd period - Snap shot by Travis Zajac.
3:21 of 3rd period - Shot Blocked by Kyle Turris.
3:37 of 3rd period - Snap shot by Linus Omark.
3:37 of 3rd period - Shot Misses the Net.
3:39 of 3rd period - Slapshot by Nick Leddy.
3:39 of 3rd period - Stopped by Semyon Varlamov with a rebound.
3:41 of 3rd period - Snap shot by Chad Larose.
3:41 of 3rd period - Stopped by Semyon Varlamov with a rebound.
4:10 of 3rd period - Minor Penalty to Bryan Little for Hooking.
4:11 of 3rd period - Charlie Coyle wins face-off versus Nicklas Backstrom in Avalanche zone.
5:01 of 3rd period - Slapshot by Darren Reid.
5:01 of 3rd period - Stopped by Carey Price with a rebound.
6:10 of 3rd period - Penalty to Bryan Little is over, Bryan Little is back on ice.
6:38 of 3rd period - Minor Penalty to Bryan Little for High sticking.
6:39 of 3rd period - Charlie Coyle wins face-off versus Travis Zajac in Avalanche zone.
6:48 of 3rd period - Slapshot by Alex Pietrangelo.
6:48 of 3rd period - Goal by Alex Pietrangelo - Avalanche : 4 - Blues : 2.
6:49 of 3rd period - Jordan Eberle wins face-off versus Alexander Radulov in neutral zone.
7:25 of 3rd period - Jake Gardiner is hit by Patric Hornqvist and loses puck.
7:34 of 3rd period - Penalty Shot by Jake Gardiner for Blues.
7:34 of 3rd period - Deke by Jake Gardiner.
7:34 of 3rd period - Shot Misses the Net.
7:35 of 3rd period - Paul Stastny wins face-off versus Jordan Eberle in Blues zone.
7:42 of 3rd period - Snap shot by David Perron.
7:42 of 3rd period - Goal by David Perron - Avalanche : 4 - Blues : 3.
7:43 of 3rd period - Bryan Little wins face-off versus Nicklas Backstrom in neutral zone.
7:43 of 3rd period - Bryan Little is hit by Nicklas Backstrom.
7:49 of 3rd period - Slapshot by Mikkel Boedker.
7:49 of 3rd period - Shot Misses the Net.
7:59 of 3rd period - Minor Penalty to David Perron for Holding.
8:00 of 3rd period - Travis Zajac wins face-off versus Bryan Little in Blues zone.
8:23 of 3rd period - Minor Penalty to Alex Pietrangelo for Hooking.
8:24 of 3rd period - Chad Larose wins face-off versus Bryan Little in Blues zone.
8:33 of 3rd period - Slapshot by Jack Johnson.
8:33 of 3rd period - Stopped by Carey Price with a rebound.
8:35 of 3rd period - Slapshot by Erik Karlsson.
8:35 of 3rd period - Shot Misses the Net.
8:37 of 3rd period - Slapshot by Erik Karlsson.
8:37 of 3rd period - Stopped by Carey Price with a rebound.
8:39 of 3rd period - Wrist shot by Bryan Little.
8:39 of 3rd period - Stopped by Carey Price without a rebound.
8:40 of 3rd period - Chad Larose wins face-off versus Patric Hornqvist in Blues zone.
9:15 of 3rd period - Slapshot by Dmitry Kulikov.
9:15 of 3rd period - Deflect By Paul Stastny.
9:15 of 3rd period - Shot Misses the Net.
9:15 of 3rd period - Puck is out of play.
9:16 of 3rd period - Paul Stastny wins face-off versus Travis Zajac in Blues zone.
9:20 of 3rd period - Snap shot by Alexander Radulov.
9:20 of 3rd period - Stopped by Carey Price without a rebound.
9:21 of 3rd period - Travis Zajac wins face-off versus Bryan Little in Blues zone.
9:36 of 3rd period - Wrist shot by Bryan Little.
9:36 of 3rd period - Goal by Bryan Little - Avalanche : 5 - Blues : 3.
9:37 of 3rd period - Bryan Little wins face-off versus Travis Zajac in neutral zone.
9:39 of 3rd period - Off-side.
9:40 of 3rd period - Bryan Little wins face-off versus Travis Zajac in neutral zone.
10:23 of 3rd period - Penalty to Alex Pietrangelo is over, Alex Pietrangelo is back on ice.
10:23 of 3rd period - Travis Zajac is hit by Alexander Radulov and loses puck.
10:48 of 3rd period - Snap shot by Patrick Kaleta.
10:48 of 3rd period - Shot Blocked by Charlie Coyle.
10:50 of 3rd period - Slapshot by Yann Sauvé.
10:50 of 3rd period - Shot Blocked by Dmitry Kulikov.
10:52 of 3rd period - Snap shot by Riley Sheahan.
10:52 of 3rd period - Shot Misses the Net.
10:56 of 3rd period - Snap shot by Riley Sheahan.
10:56 of 3rd period - Stopped by Semyon Varlamov without a rebound.
10:57 of 3rd period - Paul Stastny wins face-off versus Riley Sheahan in Avalanche zone.
11:01 of 3rd period - Icing by Alexander Radulov.
11:02 of 3rd period - Paul Stastny wins face-off versus Riley Sheahan in Avalanche zone.
11:19 of 3rd period - Slapshot by Danny Richmond.
11:19 of 3rd period - Deflect By Andrei Kostitsyn.
11:19 of 3rd period - Stopped by Carey Price without a rebound.
11:20 of 3rd period - Nicklas Backstrom wins face-off versus Patric Hornqvist in Blues zone.
11:27 of 3rd period - Wrist shot by Jordan Eberle.
11:27 of 3rd period - Shot Misses the Net.
11:32 of 3rd period - Off-side.
11:33 of 3rd period - Nicklas Backstrom wins face-off versus Bryan Little in neutral zone.
11:50 of 3rd period - Wrist shot by Nicklas Backstrom.
11:50 of 3rd period - Shot Misses the Net.
12:00 of 3rd period - Erik Karlsson is hit by Travis Zajac and loses puck.
12:09 of 3rd period - Snap shot by Filip Forsberg.
12:09 of 3rd period - Stopped by Semyon Varlamov with a rebound.
12:17 of 3rd period - Minor Penalty to Andrei Kostitsyn for Tripping.
12:18 of 3rd period - Nicklas Backstrom wins face-off versus Charlie Coyle in Avalanche zone.
12:23 of 3rd period - Snap shot by Nicklas Backstrom.
12:23 of 3rd period - Stopped by Semyon Varlamov with a rebound.
12:27 of 3rd period - Wrist shot by Nicklas Backstrom.
12:27 of 3rd period - Goal by Nicklas Backstrom - Avalanche : 5 - Blues : 4.
12:28 of 3rd period - Jordan Eberle wins face-off versus Bryan Little in neutral zone.
12:41 of 3rd period - Snap shot by Jordan Eberle.
12:41 of 3rd period - Stopped by Semyon Varlamov with a rebound.
12:43 of 3rd period - Wrist shot by Nicklas Backstrom.
12:43 of 3rd period - Shot Misses the Net.
12:45 of 3rd period - Wrist shot by Alex Pietrangelo.
12:45 of 3rd period - Stopped by Semyon Varlamov with a rebound.
12:55 of 3rd period - Sergei Shirokov is hit by Dmitry Kulikov and loses puck.
13:06 of 3rd period - Snap shot by Alexander Radulov.
13:06 of 3rd period - Shot Misses the Net.
13:24 of 3rd period - Slapshot by Alex Pietrangelo.
13:24 of 3rd period - Shot Misses the Net.
13:26 of 3rd period - Snap shot by Jeff Skinner.
13:26 of 3rd period - Shot Misses the Net.
13:28 of 3rd period - Wrist shot by Patrick Kaleta.
13:28 of 3rd period - Shot Blocked by Erik Karlsson.
13:30 of 3rd period - Slapshot by Patrick Kaleta.
13:30 of 3rd period - Shot Misses the Net.
14:05 of 3rd period - Snap shot by Mikkel Boedker.
14:05 of 3rd period - Shot Misses the Net.
14:07 of 3rd period - Slapshot by Mattias Ekholm.
14:07 of 3rd period - Stopped by Carey Price without a rebound.
14:08 of 3rd period - Patric Hornqvist wins face-off versus Drew Shore in Blues zone.
14:17 of 3rd period - Slapshot by Dougie Hamilton.
14:17 of 3rd period - Shot Blocked by Danny Richmond.
14:23 of 3rd period - Drew Shore is hit by Patric Hornqvist and loses puck.
14:31 of 3rd period - Minor Penalty to Chad Larose for Hooking.
14:32 of 3rd period - Patric Hornqvist wins face-off versus Travis Zajac in Blues zone.
14:32 of 3rd period - Slapshot by Mikkel Boedker.
14:32 of 3rd period - Shot Blocked by Cody Ceci.
14:34 of 3rd period - Snap shot by Mikkel Boedker.
14:34 of 3rd period - Stopped by Carey Price without a rebound.
14:35 of 3rd period - Bryan Little wins face-off versus Travis Zajac in Blues zone.
14:44 of 3rd period - Snap shot by Bryan Little.
14:44 of 3rd period - Deflect By Mikkel Boedker.
14:44 of 3rd period - Goal by Mikkel Boedker - Avalanche : 6 - Blues : 4.
14:45 of 3rd period - Paul Stastny wins face-off versus David Perron in neutral zone.
15:37 of 3rd period - Wrist shot by Patrick Kaleta.
15:37 of 3rd period - Deflect By Andrew Ladd.
15:37 of 3rd period - Stopped by Semyon Varlamov without a rebound.
15:38 of 3rd period - Charlie Coyle wins face-off versus Jeff Skinner in Avalanche zone.
15:45 of 3rd period - Patrick Kaleta is hit by Dmitry Kulikov and loses puck.
15:54 of 3rd period - Wrist shot by Andrew Ladd.
15:54 of 3rd period - Shot Misses the Net.
16:18 of 3rd period - Dmitry Kulikov is hit by Riley Sheahan.
16:23 of 3rd period - Minor Penalty to Damien Brunner for Hooking.
16:24 of 3rd period - Charlie Coyle wins face-off versus Nicklas Backstrom in Avalanche zone.
16:39 of 3rd period - Slapshot by Alex Pietrangelo.
16:39 of 3rd period - Stopped by Semyon Varlamov without a rebound.
16:40 of 3rd period - Nicklas Backstrom wins face-off versus Kyle Turris in Avalanche zone.
17:17 of 3rd period - Off-side.
17:18 of 3rd period - Travis Zajac wins face-off versus Kyle Turris in neutral zone.
17:43 of 3rd period - Marc Staal is hit by Travis Zajac and loses puck.
18:09 of 3rd period - Andrew Ladd is hit by Jake Gardiner and loses puck.
18:22 of 3rd period - Charlie Coyle is hit by Dougie Hamilton and loses puck.
18:23 of 3rd period - Penalty to Damien Brunner is over, Damien Brunner is back on ice.
18:39 of 3rd period - Patric Hornqvist is hit by Nick Leddy and loses puck.
Goals for this period are 2 for Avalanche vs 3 for Blues.
Shots for this period are 11 for Avalanche vs 14 for Blues.